 Dungeon Crawl Stone Soup version 0.13-a0-1553-g7307ddf (webtiles) character file.

9412 Kae the Conjurer (level 11, -3/74 HPs)
             Began as a Green Draconian Ice Elementalist on June 10, 2013.
             Was the Champion of Sif Muna.
             Slain by a yak (5 damage)
             ... on Level 2 of the Lair of Beasts.
             The game lasted 00:37:33 (16012 turns).

Kae the Conjurer (DrIE)                            Turns: 16012, Time: 00:37:33

HP  -3/74        AC 11     Str 12      XL: 11   Next: 15%
MP   3/25        EV 16     Int 18      God: Sif Muna [******]
Gold 553         SH  0     Dex 11      Spells:  5 memorised,  9 levels left

Res.Fire  : . . .   See Invis. : .   u - -2,-1 orc dagger
Res.Cold  : . . .   Warding    : .   (armour unavailable)
Life Prot.: + . .   Conserve   : .   (no shield)
Res.Poison: +       Res.Corr.  : .   (helmet restricted)
Res.Elec. : .       Clarity    : .   G - +0 cloak
Sust.Abil.: . .     Spirit.Shd : .   a - +2 pair of gauntlets
Res.Mut.  : .       Stasis     : .   (no boots)
Res.Rott. : .       Flight     : .   h - amulet of the gourmand
Gourmand  : +                        i - +3 ring of evasion
                                     q - ring of life protection

@: short of breath, somewhat resistant to hostile enchantments, fairly stealthy
A: breathe noxious fumes, unfitting armour, poison resistance, AC +7
a: Breathe Noxious Fumes, Channel Energy, Forget Spell, Renounce Religion


You were on level 2 of the Lair of Beasts.
You worshipped Sif Muna.
Sif Muna was exalted by your worship.
You were completely stuffed.

You visited 3 branches of the dungeon, and saw 13 of its levels.

You collected 533 gold pieces.

Inventory:

Hand weapons
 u - a -2,-1 orcish dagger (weapon)
 w - a +3,+3 dwarven flail
 M - a cursed -3,-3 flail
Armour
 a - a +2 pair of gauntlets (worn)
 G - a +0 cloak (worn)
Magical devices
 e - a wand of frost (12)
 f - a wand of magic darts (0)
 o - a wand of teleportation (4)
 y - a wand of lightning (2)
 D - a wand of random effects (5)
 E - a wand of confusion (3) {unknown}
 P - a wand of invisibility (5) {unknown}
 W - a wand of paralysis (20) {unknown}
Comestibles
 c - 8 bread rations
 k - a snozzcumber
 n - 2 meat rations
 z - 13 strawberries
 C - 2 cheeses
 H - 2 pears
 J - 13 sultanas
 L - 2 chokos
 R - 3 rotting chunks of war dog flesh
 U - a rotting chunk of war dog flesh
Scrolls
 g - 6 scrolls of remove curse
 p - 6 scrolls of identify
 F - a scroll of teleportation
 K - a scroll of curse weapon {unknown}
 N - a scroll of vulnerability {unknown}
 T - a scroll of torment {unknown}
 V - 3 scrolls of amnesia {unknown}
Jewellery
 h - an amulet of the gourmand (around neck)
 i - a +3 ring of evasion (right hand)
 j - an uncursed ring of flight
 q - a ring of life protection (left hand)
 B - a +5 ring of protection {unknown}
 O - an uncursed amulet of faith {unknown}
Potions
 d - 7 potions of restore abilities
 l - 3 potions of resistance
 m - 2 potions of heal wounds
 r - a potion of poison {unknown}
 s - a potion of magic {unknown}
 t - a potion of might {unknown}
 x - 4 potions of curing
 S - a potion of paralysis {unknown}
Books
 b - a book of Frost

   Spells                             Type                      Level
   *Freeze                            Ice                          1
   *Throw Frost                       Conjuration/Ice              2
   *Ozocubu's Armour                  Charms/Ice                   3
   *Throw Icicle                      Conjuration/Ice              4
   *Summon Ice Beast                  Ice/Summoning                4
   Condensation Shield                Ice                          4
 v - a book of Enchantments

   Spells                             Type                      Level
   Cause Fear                         Hexes                        4
   Silence                            Hexes/Air                    5
   Tukima's Dance                     Hexes                        5
   Deflect Missiles                   Charms/Air                   6
   Haste                              Charms                       6
 A - a book of Frost

   Spells                             Type                      Level
   *Freeze                            Ice                          1
   *Throw Frost                       Conjuration/Ice              2
   *Ozocubu's Armour                  Charms/Ice                   3
   *Throw Icicle                      Conjuration/Ice              4
   *Summon Ice Beast                  Ice/Summoning                4
   Condensation Shield                Ice                          4
 I - Sif Muna's Papyrus of Freezing Battle Magic
   (Sif Muna gifted it to you on level 10 of the Dungeon)

   Spells                             Type                      Level
   Magic Dart                         Conjuration                  1
   *Freeze                            Ice                          1
   Stone Arrow                        Conjuration/Earth            3
   Iskenderun's Battlesphere          Conjuration/Charms           4
   Venom Bolt                         Conjuration/Poison           5
   Freezing Cloud                     Conjuration/Ice/Air          6
 Q - a book of Dreams

   Spells                             Type                      Level
   Ensorcelled Hibernation            Hexes/Ice                    2
   Flight                             Charms/Air                   3
   Phase Shift                        Translocation                5
   Shadow Creatures                   Summoning                    5
   Mass Confusion                     Hexes                        6
   Darkness                           Hexes                        7


   Skills:
 + Level 3.5 Dodging
 - Level 1.7 Stealth
 + Level 6.9 Spellcasting
 + Level 10.7 Conjurations
 * Level 4.4 Charms
 * Level 4.9 Summonings
 + Level 10.4 Ice Magic


You had 9 spell levels left.
You knew the following spells:

 Your Spells              Type           Power        Failure   Level  Hunger
a - Freeze                Ice            ####         1%          1    None
b - Throw Frost           Conj/Ice       #####.       1%          2    None
c - Ozocubu's Armour      Chrm/Ice       ####......   1%          3    ##.....
d - Throw Icicle          Conj/Ice       #####...     1%          4    ####...
e - Summon Ice Beast      Ice/Summ       ####......   6%          4    ####...


Dungeon Overview and Level Annotations

Branches:
Dungeon (10/27)            Temple (1/1) D:7            Lair (2/8) D:8
    Orc: D:6-11

Altars:
Cheibriados
Nemelex Xobeh
Sif Muna
Trog
Xom
Zin
the Shining One

Annotations
D:4 exclusion: phantom
D:6 exclusion: 2 killer bees
D:8 exclusion: door


Innate Abilities, Weirdness & Mutations

You can breathe blasts of noxious fumes.
Your lurid green scales are hard (AC +7).
Your body does not fit into most forms of armour.
Your cold-blooded metabolism reacts poorly to cold.
Your system is resistant to poisons.


Message History

Casting: Freeze
Confirm with . or Enter, or press ? or * to list all spells.
Aiming: Freeze
Press: ? - help, Shift-Dir - straight line, f/p - yak
Aim: a yak (severely wounded)
You freeze the yak.
The yak is almost dead.
The yak gores you!
* * * LOW HITPOINT WARNING * * *
The yak gores you!
* * * LOW HITPOINT WARNING * * *
Casting: Freeze
Confirm with . or Enter, or press ? or * to list all spells.
Aiming: Freeze
Press: ? - help, Shift-Dir - straight line, f/p - yak
Aim: a yak (almost dead)
You freeze the yak.
You kill the yak!
The yak gores you.
You die...

.......#...P..##.#....#.####
................#.........#
.#.###.#......###.##.........
......%#.......#..###.#.....##
...#.#........f##.##..#..#.#.....#..
.f.........##.P#........#...
##..P#.#.#.#...%@Y.......
.%.............#..###.#.f
.#######.#.##...f.#.# #
##......P.)...... ###.#.###.#..#.
##### ...## ....# ...#. . ..


You could see a yak.

Vanquished Creatures
  A hill giant (D:8)
  Maurice (D:8)
  3 spiny frogs
  A hill giant zombie (D:8)
  A komodo dragon (Lair:1)
  A hill giant skeleton (D:9)
  3 yaks (Lair:2)
  5 hippogriffs
  A manticore (D:9)
  4 war dogs (Lair:2)
  A fire drake (D:8)
  A sky beast (D:8)
  2 black bears (D:8)
  A yak zombie (D:8)
  4 centaurs
  2 orc warriors
  3 crocodiles
  An ogre (D:9)
  Duvessa (D:7)
  A hippogriff skeleton (D:6)
  A giant frog zombie (D:9)
  7 giant frogs
  5 water moccasins
  15 big kobolds (D:8)
  2 centaur zombies
  2 giant slugs
  2 agate snails
  12 killer bees
  13 wights
  4 orc priests
  5 crimson imps
  A goliath beetle (D:9)
  Dowan (D:7)
  9 hounds
  7 iguanas
  8 orc wizards
  9 worker ants
  A gnoll shaman (D:6)
  A scorpion (D:6)
  A porcupine (Lair:2)
  Ijyb (D:7)
  3 jellies
  Terence (D:2)
  12 adders
  8 gnolls
  6 green rats (Lair:1)
  An adder zombie (D:6)
  A giant centipede (Lair:1)
  4 inept feature mimics
  A scorpion zombie (D:7)
  3 giant mites
  2 worms
  9 giant geckos
  An ooze (D:5)
  23 orcs
  2 ball pythons
  5 giant cockroaches
  13 hobgoblins
  11 jackals
  23 kobolds
  10 quokkas
  21 bats
  6 giant newts
  A giant newt skeleton (D:4)
  15 goblins
  A goblin zombie (D:5)
  A hobgoblin zombie (D:5)
  A kobold zombie (D:6)
  An orc zombie (D:8)
  15 rats
346 creatures vanquished.

Vanquished Creatures (others)
  A killer bee (D:8)
  An orc (D:9)
  A kobold (D:8)
  2 rats
5 creatures vanquished.

Grand Total: 351 creatures vanquished

Notes
Turn   | Place    | Note
--------------------------------------------------------------
     0 | D:1      | Kae, the Draconian Ice Elementalist, began the quest for the Orb.
     0 | D:1      | Reached XP level 1. HP: 14/14 MP: 3/3
   227 | D:1      | Reached XP level 2. HP: 14/20 MP: 1/4
   235 | D:1      | Learned a level 2 spell: Throw Frost
   880 | D:2      | Reached XP level 3. HP: 14/26 MP: 3/6
  1135 | D:2      | Noticed Terence
  1147 | D:2      | Killed Terence
  1147 | D:2      | Reached skill level 4 in Ice Magic
  1602 | D:2      | Reached XP level 4. HP: 31/33 MP: 7/7
  1940 | D:3      | Found a glowing silver altar of Zin.
  2241 | D:3      | Reached XP level 5. HP: 38/38 MP: 7/9
  3026 | D:4      | Noticed a phantom
  3594 | D:4      | Reached skill level 5 in Ice Magic
  3594 | D:4      | Reached XP level 6. HP: 17/45 MP: 2/11
  3680 | D:4      | Learned a level 3 spell: Ozocubu's Armour
  3980 | D:4      | Found a deep blue altar of Sif Muna.
  4323 | D:4      | Became a worshipper of Sif Muna the Loreminder
  4612 | D:5      | Entered Level 5 of the Dungeon
  4651 | D:5      | Noticed a hippogriff
  5574 | D:5      | Killed a hippogriff
  5574 | D:5      | Your scales start taking on a lurid green colour.
  5574 | D:5      | Gained mutation: Your system is resistant to poisons. [draconian maturity]
  5574 | D:5      | Reached XP level 7. HP: 34/50 MP: 5/14
  5629 | D:5      | Reached skill level 5 in Conjurations
  5665 | D:5      | Acquired Sif Muna's first power
  5935 | D:6      | Reached skill level 6 in Ice Magic
  6371 | D:6      | Found a staircase to the Ecumenical Temple.
  6421 | D:6      | the staircase to the Ecumenical Temple was a mimic.
  6578 | D:6      | Reached XP level 8. HP: 51/57 MP: 10/17
  6584 | D:6      | Learned a level 4 spell: Throw Icicle
  6589 | D:6      | Learned a level 4 spell: Summon Ice Beast
  6997 | D:6      | Acquired Sif Muna's second power
  7317 | D:7      | Noticed Ijyb
  7326 | D:7      | Killed Ijyb
  7379 | D:7      | Reached XP level 7. HP: 21/50 MP: 10/15
  7646 | D:7      | Noticed Duvessa
  7648 | D:7      | Noticed Dowan
  7687 | D:7      | Reached XP level 8. HP: 50/57 MP: 13/17
  7717 | D:7      | Reached skill level 7 in Ice Magic
  7854 | D:7      | Killed Dowan
  7864 | D:7      | Killed Duvessa
  8578 | D:7      | Found a staircase to the Ecumenical Temple.
  8587 | Temple   | Entered the Ecumenical Temple
  8747 | D:8      | Found a bloodstained altar of Trog.
  8781 | D:8      | Noticed a hill giant zombie
  8783 | D:8      | Found a snail-covered altar of Cheibriados.
  8927 | D:8      | Reached XP level 9. HP: 38/62 MP: 15/20
  9117 | D:8      | Reached skill level 8 in Ice Magic
  9165 | D:8      | Acquired Sif Muna's third power
  9165 | D:8      | Reached skill level 5 in Spellcasting
  9637 | D:8      | Reached skill level 9 in Conjurations
 10273 | D:8      | Found a staircase to the Lair.
 10695 | D:8      | Noticed Maurice
 10707 | D:8      | Killed Maurice
 10831 | D:8      | Killed a hill giant zombie
 10934 | D:8      | Reached XP level 10. HP: 69/69 MP: 18/22
 10969 | D:8      | Noticed a hill giant
 10982 | D:8      | Killed a hill giant
 10982 | D:8      | Reached skill level 10 in Conjurations
 11468 | D:9      | Reached skill level 10 in Ice Magic
 11683 | D:9      | Reached skill level 1 in Summonings
 11865 | D:9      | Reached skill level 1 in Charms
 12034 | D:10     | Entered Level 10 of the Dungeon
 12050 | D:10     | Received a gift from Sif Muna
 12051 | D:10     | Identified Sif Muna's Papyrus of Freezing Battle Magic (Sif Muna gifted it to you on level 10 of the Dungeon)
 12632 | D:9      | Found a staircase to the Lair.
 12639 | D:9      | the staircase to the Lair was a mimic.
 13499 | Lair:1   | Entered Level 1 of the Lair of Beasts
 15697 | Lair:2   | Reached XP level 11. HP: 74/74 MP: 18/25
 16011 | Lair:2   | HP: 2/74 [yak (13)]
 16012 | Lair:2   | Slain by a yak

Action                   |  1- 3 |  4- 6 |  7- 9 | 10-12 || total
-------------------------+-------+-------+-------+-------++-------
Melee: Unarmed           |    72 |    11 |       |       ||    83
       Dagger            |       |   155 |   308 |    69 ||   532
 Cast: Freeze            |    55 |   131 |   286 |   275 ||   747
       Throw Frost       |       |     4 |    29 |    80 ||   113
       Throw Icicle      |       |       |    33 |    37 ||    70
       Ozocubu's Armour  |       |       |     1 |       ||     1
Invok: Channel Energy    |       |       |    42 |    27 ||    69
 Abil: Breathe Noxious F |       |       |    12 |     5 ||    17
       Evoke Flight      |       |       |     1 |       ||     1
Evoke: Wand              |       |       |    21 |       ||    21
  Use: Scroll            |       |    12 |    12 |       ||    24
       Potion            |       |       |     2 |       ||     2
 Stab: Sleeping          |     2 |     1 |       |     2 ||     5
       Confused          |       |       |     3 |       ||     3
